 Dungeon Crawl Stone Soup version 0.24.0-1-gfbc8707122 (webtiles) character file.

Game seed: 6205369899060420166, levelgen mode: deterministic

437 MTVSty1e the Cudgeler (level 7, -8/41 HPs)
             Began as a Gargoyle Fighter on Oct 28, 2019.
             Was an Initiate of Okawaru.
             Mangled by an ogre
             ... wielding a +0 giant club
              (16 damage)
             ... on level 4 of the Dungeon.
             The game lasted 00:03:49 (3608 turns).

MTVSty1e the Cudgeler (Gargoyle Fighter)            Turns: 3608, Time: 00:03:49

Health: -8/41      AC: 13    Str: 22    XL:     7   Next: 1%
Magic:  7/7        EV:  7    Int:  8    God:    Okawaru [......]
Gold:   121        SH:  9    Dex:  9    Spells: 6/6 levels left

rFire    . . .     SeeInvis .   n - +0 morningstar
rCold    . . .     Gourm    .   c - +0 shield
rNeg     + . .     Faith    .   b - +1 scale mail
rPois    ∞         Spirit   .   e - +0 helmet
rElec    +         Reflect  .   (no cloak)
rCorr    .         Harm     .   (no gloves)
MR       .....                  (no boots)
Stlth    ..........             (no amulet)
HPRegen  0.13/turn              (no ring)
MPRegen  0.10/turn              (no ring)

@: no status effects
A: negative energy resistance 1, electricity resistance, unbreathing,
petrification resistance, rot immunity, AC +4
a: Renounce Religion


You were on level 4 of the Dungeon.
You worshipped Okawaru.
Okawaru was noncommittal.
You were hungry.

You visited 1 branch of the dungeon, and saw 4 of its levels.

You collected 121 gold pieces.

Inventory:

Hand Weapons
 a - a +0 flail
 n - a +0 morningstar (weapon)
Armour
 b - a +1 scale mail (worn)
 c - a +0 shield (worn)
 e - a +0 helmet (worn)
Wands
 j - a wand of polymorph (3)
Scrolls
 i - 2 scrolls of teleportation {unknown}
 k - a scroll of amnesia {unknown}
 l - a scroll of blinking {unknown}
 o - a scroll of magic mapping {unknown}
 q - a scroll of identify {unknown}
 s - a scroll of enchant weapon {unknown}
Potions
 d - a potion of might
 h - a potion of curing {unknown}
 m - a potion of degeneration {unknown}
 p - a potion of brilliance {unknown}
 r - 2 potions of mutation {unknown}
Comestibles
 f - 6 rations


   Skills:
 - Level 3.2 Fighting
 * Level 7.3 Maces & Flails
 - Level 3.2 Armour
 - Level 3.2 Shields


You had 6 spell levels left.
You didn't know any spells.
Your spell library was empty.

Dungeon Overview and Level Annotations

Branches:
Dungeon (4/15)
 Temple: D:4-7

Altars:
Gozag
Kikubaaqudgha
Okawaru
Sif Muna
Vehumet


Innate Abilities, Weirdness & Mutations

You are resistant to torment.
Your stone body is resilient. (AC +4)
You are immune to poison.
You resist negative energy. (rN+)
You are resistant to electric shocks. (rElec)
You can survive without breathing.
You are immune to petrification.
You are immune to rotting.


Message History

An orc comes into view. It is wielding a +0 hand axe.
The orc priest looks braver for a moment.
The ogre hits you with a +0 giant club!!
Ouch! That really hurt!
The adder bites you but does no damage.
An orc comes into view.
The orc shouts!
You hear a shout!
The adder bites you.
The orc priest mumbles some strange prayers to Beogh against you.
Beogh smites you!
* * * LOW HITPOINT WARNING * * *
You hear a shout!
As you read the scroll labeled QOANTO TAFFAPH, it crumbles to dust.
It is a scroll of enchant armour.
Really abort (and waste the scroll)? [Y]es or [N]o only, please.
Really abort (and waste the scroll)?
Your +0 scale mail glows green for a moment.
You block the adder's attack. The ogre hits you with a +0 giant club!
You die...

....###
#########.......
...o...
#............#
.......
##...##########
....... #...##
....o..## ##..##
....o...####..##
#####.........#
##...S..÷##
##..O@.##
##....##
#.....###
#.......#
#.........#
##..........
#...........
##.......##..
#......### ##


You could see an ogre, an orc priest, an adder and 2 orcs.

Vanquished Creatures
  A phantom (D:4)
  A scorpion (D:3)
  2 orc wizards (D:3)
  Jessica (D:2)
  Robin (D:4)
  6 gnolls
  5 adders
  2 oozes
  3 worms
  A dart slug (D:1)
  2 leopard geckos (D:4)
  6 orcs (D:3)
  A ball python (D:1)
  10 bats
  3 giant cockroaches
  17 goblins
  10 hobgoblins
  A quokka (D:4)
  3 frilled lizards
  4 kobolds
  7 rats
87 creatures vanquished.

Vanquished Creatures (others)
  4 toadstools (D:1)
4 creatures vanquished.

Grand Total: 91 creatures vanquished

Notes
Turn   | Place    | Note
-------+----------+-------------------------------------------
     0 | D:1      | MTVSty1e the Gargoyle Fighter began the quest for the Orb.
     0 | D:1      | Reached XP level 1. HP: 14/14 MP: 1/1
   135 | D:1      | Reached XP level 2. HP: 19/19 MP: 2/2
   264 | D:1      | Reached skill level 3 in Maces & Flails
   430 | D:1      | Reached XP level 3. HP: 19/23 MP: 3/3
   879 | D:2      | Noticed Jessica
   886 | D:2      | Reached skill level 4 in Maces & Flails
   888 | D:2      | Reached XP level 4. HP: 18/28 MP: 4/4
  1086 | D:2      | Killed Jessica
  1239 | D:2      | Reached skill level 5 in Maces & Flails
  1252 | D:2      | Found an ancient bone altar of Kikubaaqudgha.
  1256 | D:2      | Reached XP level 5. HP: 30/32 MP: 5/5
  1912 | D:3      | Reached skill level 6 in Maces & Flails
  1914 | D:3      | Reached XP level 6. HP: 33/37 MP: 6/6
  1961 | D:3      | Found an opulent altar of Gozag.
  2125 | D:3      | Found a faded altar of an unknown god.
  2273 | D:3      | Found a radiant altar of Vehumet.
  2273 | D:3      | Found an iron altar of Okawaru.
  2324 | D:3      | Became a worshipper of Warmaster Okawaru
  2609 | D:4      | Noticed Robin
  2869 | D:4      | Killed Robin
  3375 | D:4      | Noticed a phantom
  3410 | D:4      | Killed a phantom
  3410 | D:4      | Reached skill level 7 in Maces & Flails
  3410 | D:4      | Reached XP level 7. HP: 34/41 MP: 7/7
  3500 | D:4      | Found a shimmering blue altar of Sif Muna.
  3608 | D:4      | Mangled by an ogre

Levels and vault maps discovered:
D:1:      ldierk_water_garden, layout_loops_corners
D:2:      layout_rooms, kiku_gazebo_pond_becter, uniq_jessica
D:3:      layout_basic, nicolae_gozag_seed_capital,
          gammafunk_temple_overflow_elements, first_ration,
          chequers_ecumenical_altar_simple_redux, serial_bayou_pond_d
D:4:      layout_layer_cave, marbit_many_paths, minmay_misc_feat_iff,
          uniq_blork_the_orc, uniq_robin, uniq_grinder

Skill      XL: |  1  2  3  4  5  6 |
---------------+-------------------+-----
Maces & Flails | 3 4 5 6 7 |  7.3
Fighting       | |  3.2
Armour         | |  3.2
Shields        | |  3.2

Action                   |  1- 3 |  4- 6 |  7- 9 || total
-------------------------+-------+-------+-------++-------
Melee: Flail             |    67 |   110 |       ||   177
       Morningstar       |       |   139 |     6 ||   145
  Use: Scroll            |       |     2 |     1 ||     3
       Potion            |       |     1 |       ||     1
  Eat: Chunk             |       |     5 |       ||     5
       Ration            |       |     1 |       ||     1
Armor: Scale mail        |    37 |   212 |     2 ||   251
Dodge: Dodged            |    16 |   115 |       ||   131
Block: Shield            |    26 |   179 |     4 ||   209
